 Dungeon Crawl Stone Soup version 0.21-a0-85-ga0cb861 (webtiles) character file.

784439 Rrauwl the Formicid Barricade (level 27, -28/243 HPs)
             Began as a Formicid Fighter on June 24, 2017.
             Was the Champion of Okawaru.
             Killed from afar by a Brimstone Fiend (50 damage)
             ... with damnation
             ... on level 7 of the Iron City of Dis on June 25, 2017.
             The game lasted 05:50:13 (61656 turns).

Rrauwl the Formicid Barricade (Formicid Fighter)   Turns: 61656, Time: 05:50:14

Health: -28/243    AC: 49    Str: 26    XL:     27
Magic:  37/37      EV: 21    Int:  5    God:    Okawaru [******]
Gold:   5998       SH: 47    Dex: 21    Spells: 26/26 levels left

rFire    + + +     SeeInvis +   a - +9 battleaxe (flame)
rCold    + . .     Gourm    .   s - +10 large shield of Ignorance {rN+ Int-4}
rNeg     + + +     Faith    .   o - +12 gold dragon scales
rPois    +         Spirit   .   (helmet unavailable)
rElec    .         Reflect  +   U - +2 cloak {rPois}
rCorr    +         Harm     .   r - +0 pair of gloves of Suyzi {rPois rF+ Regen+ rCorr}
MR       ++...     Clarity  +   j - +0 pair of boots {run}
Stlth    ..........             C - +5 amulet of reflection
HPRegen  0.90/turn              x - ring "Ankackeq" {Wiz *Drain rF++ rN++}
MPRegen  0.25/turn              y - ring "Leidgh" {rCorr -Tele rF+ Dex+2 SInv}

@: heroism, quick
A: permanent stasis, dig shafts and tunnels, four strong arms, antennae 3, large
bone plates 1, slimy green scales 1, thin skeletal structure 1, clarity,
screaming 1, evolution 1
}: 7/15 runes: serpentine, barnacled, slimy, silver, obsidian, bone, abyssal
a: Dig, Shaft Self, Heroism, Finesse, Renounce Religion


You were on level 7 of the Iron City of Dis.
You worshipped Okawaru.
Okawaru was exalted by your worship.
You were not hungry.

You visited 13 branches of the dungeon, and saw 65 of its levels.
You visited the Abyss 1 time.
You also visited: Labyrinth and Ice Cave.

You collected 8483 gold pieces.
You spent 2485 gold pieces at shops.

Inventory:

Hand Weapons
 a - a +9 battleaxe of flaming (weapon)
 b - the +6 arbalest "Damnation" {damnation}
   (Okawaru gifted it to you on level 7 of Tartarus)
 c - a +7 battleaxe of electrocution
 w - a +2 executioner's axe of electrocution
 L - the +7 sceptre of Asmodeus
   (You took it off Asmodeus on level 7 of Gehenna)
Missiles
 g - 1596 bolts
 R - 32 javelins of penetration (quivered)
Armour
 j - a +0 pair of boots of running (worn)
 o - +12 gold dragon scales (worn)
 r - the +0 pair of gloves of Suyzi (worn) {rPois rF+ Regen+ rCorr}
   (Okawaru gifted it to you on level 3 of the Abyss)

   It protects you from fire.
   It protects you from poison.
   It increases your rate of regeneration.
   It protects you from acid and corrosion.
 s - the +10 large shield of Ignorance (worn) {rN+ Int-4}
   (You found it on level 5 of the Vaults)

   It affects your intelligence (-4).
   It protects you from negative energy.
 u - +0 pearl dragon scales
 Q - the +0 pair of fencer's gloves {+Riposte Dex+3}
   (Okawaru gifted it to you on level 7 of Tartarus)

   It affects your dexterity (+3).
 U - a +2 cloak of poison resistance (worn)
Jewellery
 x - the ring "Ankackeq" (left hand) {Wiz *Drain rF++ rN++}
   (You bought it in a shop on level 4 of the Vaults)

   [ring of wizardry]

   It improves your spell success rate.
   It greatly protects you from fire.
   It greatly protects you from negative energy.
   It causes draining when unequipped.
 y - the ring "Leidgh" (right hand) {rCorr -Tele rF+ Dex+2 SInv}
   (You found it on level 7 of the Dungeon)

   [ring of resist corrosion]

   It affects your dexterity (+2).
   It protects you from fire.
   It lets you see invisible.
   It prevents most forms of teleportation.
 C - a +5 amulet of reflection (around neck)
 P - the amulet of the Air {Inacc +Fly rElec EV+5 RMsl}
   (You found it on level 5 of the Pits of Slime)

   [amulet of inaccuracy]

   It reduces the accuracy of all your attacks.
   It affects your evasion (+5).
   It insulates you from electricity.
   It lets you fly.
   It protects you from missiles.
Wands
 e - a wand of disintegration (8/24)
 m - a wand of acid (9/15)
 n - a wand of confusion (38/48)
 D - a wand of iceblast (4/15)
 H - a wand of digging (13/24)
 S - a wand of clouds (7/9)
 V - a wand of lightning (8/15)
Scrolls
 h - 20 scrolls of identify
 k - 11 scrolls of magic mapping
 l - 22 scrolls of remove curse
 q - 2 scrolls of silence
 E - a scroll of summoning
 I - 8 scrolls of fear
 J - 5 scrolls of fog
Potions
 d - a potion of flight
 f - a potion of cancellation
 p - 14 potions of curing
 t - 4 potions of ambrosia
 A - a potion of might
 B - a potion of resistance
 G - 2 potions of mutation
 K - 2 potions of invisibility
 N - a potion of agility
Books
 z - a book of Frost

   Spells                             Type                      Level
   a - Freeze                         Ice                          1
   b - Throw Frost                    Conjuration/Ice              2
   c - Ozocubu's Armour               Charms/Ice                   3
   d - Throw Icicle                   Conjuration/Ice              4
   e - Summon Ice Beast               Ice/Summoning                4
Miscellaneous
 v - the horn of Geryon
 M - a lightning rod (4/4)
 O - 2 sacks of spiders
 X - a lamp of fire
 Y - a phantom mirror
Comestibles
 i - 17 royal jellies


   Skills:
 + Level 25.6(27) Fighting
 - Level 20.0(25.0) Axes
 - Level 23.0(27) Armour
 - Level 17.0(22.0) Dodging
 O Level 27 Shields
 - Level 20.0 Invocations
 - Level 14.0 Evocations


You had 26 spell levels left.
You didn't know any spells.

Dungeon Overview and Level Annotations

Branches:
Dungeon (15/15)            Temple (1/1) D:5            Lair (6/6) D:9
 Shoals (4/4) Lair:4        Snake (4/4) Lair:2        Slime (5/5) Lair:6
    Orc (2/2) D:10            Elf (0/3) Orc:2        Vaults (5/5) D:14
  Crypt (0/3) Vaults:3     Depths (5/5) D:15           Hell (1/1)
    Dis (1/7) Hell            Geh (7/7) Hell            Coc (0/7) Hell
    Tar (7/7) Hell            Zot (0/5) Depths:5

Altars:
Ashenzari
Cheibriados
Dithmenos
Elyvilon
Fedhas
Gozag
Hepliaklqana
Kikubaaqudgha
Makhleb
Nemelex Xobeh
Okawaru
Qazlal
Ru
Sif Muna
Trog
Uskayaw
Vehumet
Wu Jian
Xom
Yredelemnul
Zin
The Shining One
Beogh
Jiyva

Shops:
D:14 (   Orc:2 [%:*   Snake:3 [!   Vaults:1 }((**   Vaults:2 *   Vaults:4 =}
Depths:1 }(:   Depths:4 !

Portals:
Hell: Depths:1 Depths:2 Depths:3 Depths:4 Depths:5
Abyss: Depths:1 Depths:4
Pandemonium: Orc:2 Depths:1 Depths:3
Ziggurat: Depths:3


Innate Abilities, Weirdness & Mutations

You cannot be hasted, slowed, berserked, paralysed or teleported.
You can dig through walls and to a lower floor.
Your four strong arms can wield two-handed weapons with a shield.
You have a pair of large antennae on your head. (SInv)
You are partially covered in large bone plates. (SH +4)
You are partially covered in slimy green scales. (AC +2)
You have a somewhat thin skeletal structure. (Dex +2, Stealth)
You possess an exceptional clarity of mind.
You occasionally shout uncontrollably at your foes.
You evolve.


Message History

The Ice Fiend is severely wounded.
You block the Ice Fiend's attack. x2
You slice the Ice Fiend like a ripe choko!!!
You burn the Ice Fiend.
You kill the Ice Fiend!
Okawaru accepts your kill.
You slice the rust devil!!
You kill the rust devil!
Okawaru accepts your kill.
You hit the Brimstone Fiend but do no damage.
The Brimstone Fiend gestures at you.
The sphere of damnation explodes!
The damnation engulfs you!
* * * LOW HITPOINT WARNING * * *
The damnation engulfs the Brimstone Fiend.
The Brimstone Fiend completely resists.
Unknown command.
You feel better. The Brimstone Fiend gestures at you.
The sphere of damnation explodes!
The damnation engulfs you!
You die...

#+#########
#.........#
###.........#
###.#†@.......#
##...#1#########
###.....).........
#........)........
#.......†.........
#.....†...........
#............{.###
#.D....####.......
......^ ....#..


You could see an iron dragon (wandering) and a Brimstone Fiend.

Vanquished Creatures
  Asmodeus (Geh:7)
  the Royal Jelly (Slime:5)
  Ereshkigal (Tar:7)
  the Serpent of Hell (Dis:7)
  4 ancient liches
  Sojobo (Depths:4)
  Saint Roka (Vaults:1)
  Xtahua (Vaults:3)
  Geryon (Hell)
  4 golden dragons
  the Enchantress (Depths:4)
  11 Brimstone Fiends
  Jory (Vaults:4)
  5 bone dragons
  4 doom hounds (Tar:7)
  Jorgrun (Vaults:4)
  11 Tzitzimimeh (Tar:7)
  5 tentacled monstrosities
  8 liches
  2 Hell Sentinels (Dis:7)
  2 Ice Fiends (Dis:7)
  Asterion (Snake:3)
  3 titans (Vaults:5)
  3 quicksilver dragons
  2 ancient champions (Hell)
  An Executioner (Abyss:3)
  29 acid blobs
  An eldritch tentacle (Geh:7)
  6 sphinxes
  2 storm dragons
  7 tentacled starspawn
  2 krakens
  Donald (Shoals:2)
  11 tengu reavers
  Roxanne (Shoals:4)
  17 shadow dragons
  9 nagarajas
  A draconian monk (Abyss:3)
  A draconian scorcher (Depths:5)
  19 large abominations
  Ilsuiw (Shoals:4)
  16 azure jellies
  20 fire giants
  Aizul (Snake:1)
  5 iron dragons
  10 frost giants
  18 balrugs
  Louise (Snake:2)
  2 orc warlords
  2 cacodemons (Hell)
  13 vault wardens
  An angel (Abyss:3)
  16 very ugly things
  2 deep elf elementalists
  21 reapers
  A draconian stormcaller (Depths:5)
  9 ironheart preservers
  3 spriggan defenders (Depths:4)
  2 entropy weavers
  10 war gargoyles
  19 stone giants
  5 vampire knights
  A deep elf annihilator (Vaults:3)
  3 green draconians (Depths:5)
  3 spark wasps (Depths:3)
  3 yellow draconians
  6 deep elf demonologists
  A white draconian (Depths:5)
  Azrael (Snake:1)
  A deep elf death mage (Vaults:5)
  An eidolon (Abyss:3)
  2 green deaths (Snake:3)
  22 ettins
  8 merfolk javelineers
  A minotaur (Lab)
  Snorg (D:12)
  12 yaktaur captains
  3 blizzard demons
  10 merfolk impalers
  6 deep elf high priests
  10 fire dragons
  4 jiangshi
  4 death oozes (Slime:5)
  The ghost of Asanbosam the Cleaver, a journeyman DDFi of Makhleb (D:14)
  12 great orbs of eyes
  Fannar (Orc:1)
  2 quicksilver dragon skeletons
  7 ice dragons
  28 vault guards
  12 naga warriors
  7 hydras
  7 rakshasas
  3 spriggan air magi
  A merfolk avatar (Shoals:4)
  A hell beast (Depths:1)
  10 centaur warriors
  25 anacondas
  An alligator snapping turtle (Shoals:1)
  10 death yaks
  2 death knights
  3 merfolk aquamancers (Shoals:4)
  9 ogre magi
  15 tengu warriors
  32 two-headed ogres
  6 orc high priests (Orc:2)
  5 vampire magi
  2 satyrs
  8 deep troll earth magi
  23 small abominations
  7 deep troll shamans
  9 hell hogs
  Urug (D:14)
  5 dancing weapons
  2 titan zombies
  8 thrashing horrors (Abyss:3)
  An iron golem (Geh:7)
  29 sun demons
  9 naga sharpshooters
  9 wretched stars
  8 shock serpents
  4 storm dragon zombies
  A salamander mystic (Snake:4)
  11 shadow wraiths
  16 soul eaters
  2 titan skeletons
  14 spriggan berserkers
  7 iron trolls
  7 deep elf knights
  4 sixfirhies
  46 skeletal warriors
  10 sea snakes
  A storm dragon skeleton (Geh:7)
  A death drake (Tar:7)
  8 unseen horrors
  22 deep trolls
  51 hell knights
  A torturous demonspawn (Orc:2)
  A fire crab (shapeshifter) (Depths:5)
  4 anaconda zombies
  A quicksilver dragon simulacrum (Depths:2)
  6 flayed ghosts
  11 shadow demons
  8 glowing orange brains
  A gelid demonspawn (Orc:2)
  8 naga ritualists
  2 infernal demonspawn
  A ghost moth zombie (Geh:7)
  6 deep elf archers
  A golden dragon skeleton (Geh:1)
  6 wizards
  17 orc knights
  3 shadow dragon zombies
  An anaconda skeleton (Geh:6)
  39 harpies
  24 necromancers
  7 phantasmal warriors
  5 frost giant zombies
  A harpy (shapeshifter) (Depths:3)
  4 stone giant zombies
  3 mana vipers
  A wolf spider (shapeshifter) (Vaults:5)
  14 ironbrand convokers
  8 shining eyes
  3 wolf spiders
  2 shadow dragon skeletons
  46 ugly things
  3 fire giant zombies
  20 deep elf magi
  7 cyclopes
  10 manticores
  15 fauns
  A human zombie (Vaults:5)
  2 salamanders (shapeshifter)
  A moth of wrath (shapeshifter) (Vaults:1)
  6 salamanders
  9 orc sorcerers
  A worldbinder (Abyss:3)
  13 elephants
  24 rust devils
  33 black mambas
  Joseph (D:7)
  8 guardian serpents (Snake:4)
  A black mamba (shapeshifter) (Depths:5)
  Maurice (D:8)
  15 smoke demons
  6 apocalypse crabs
  6 water nymphs
  2 molten gargoyles (Geh:1)
  9 merfolk sirens
  A stone giant skeleton (Geh:3)
  3 centaur zombies
  3 eyes of devastation
  18 naga magi
  5 spectral swamp worms (Depths:3)
  A spiny frog (shapeshifter) (Vaults:3)
  3 torpor snails (Lair:6)
  7 spiny frogs
  21 vault sentinels
  A gargoyle (D:15)
  5 centaur skeletons
  3 orange demons
  8 hellions
  11 efreet
  A yellow draconian zombie (Tar:7)
  5 ice statues
  2 catoblepas zombies
  27 yaktaurs
  15 tengu conjurers
  5 rime drakes
  10 freezing wraiths
  6 komodo dragons
  A catoblepas skeleton (Geh:7)
  A demonic crawler (Hell)
  6 kobold demonologists
  11 tormentors
  34 merfolk
  An anaconda simulacrum (Hell)
  5 guardian mummies
  2 human skeletons
  7 ice devils
  17 red devils
  16 trolls
  2 hellwings
  A merfolk (shapeshifter) (Vaults:5)
  7 ancient zymes (Abyss:3)
  A silent spectre (Abyss:3)
  A queen bee (shapeshifter) (Vaults:5)
  A troll (shapeshifter) (Vaults:1)
  A wind drake (shapeshifter) (Vaults:5)
  6 hydra zombies
  A jumping spider (Vaults:1)
  A harpy zombie (Geh:7)
  3 polar bears (Lair:6)
  A meliai (shapeshifter) (Vaults:3)
  A tyrant leech (shapeshifter) (Depths:2)
  32 raiju
  3 hydra skeletons
  5 wind drakes
  2 harpy skeletons
  2 raiju (shapeshifter)
  A shadow dragon simulacrum (Vaults:5)
  100 slime creatures
  21 hornets
  15 blink frogs
  4 dream sheep (Shoals:3)
  2 blink frogs (shapeshifter) (Depths:4)
  A human simulacrum (Vaults:5)
  A stone giant simulacrum (Hell)
  An ice dragon zombie (Geh:1)
  63 flying skulls
  5 ettin skeletons
  A frost giant simulacrum (Hell)
  14 hippogriffs
  2 fire dragon zombies
  2 black mamba zombies
  3 air elementals (Depths:2)
  10 snapping turtles
  2 ice dragon skeletons
  9 shadows
  A centaur simulacrum (D:15)
  24 spriggans
  15 wraiths
  A redback (Vaults:4)
  3 ynoxinuls (Abyss:3)
  34 starcursed masses
  A fire bat (Abyss:3)
  A fire bat (shapeshifter) (Vaults:4)
  21 water elementals
  2 wyverns
  60 yaks
  18 golden eyes
  6 neqoxecs
  4 basilisks
  3 chaos spawn (Abyss:3)
  4 vampires
  A human (shapeshifter) (Depths:1)
  7 hungry ghosts
  19 fire elementals
  10 wargs
  7 vampire mosquitoes
  A spatial vortex (Abyss:3)
  48 nagas
  An acid dragon (shapeshifter) (Vaults:4)
  2 insubstantial wisps (Abyss:1)
  Duvessa (D:7)
  3 acid dragons
  4 spiny frog zombies
  24 water moccasins
  11 porcupines
  40 hell hounds
  2 floating eyes
  A swamp drake (shapeshifter) (Vaults:1)
  62 orc warriors
  17 ice beasts
  An ice beast (shapeshifter) (Depths:1)
  8 eyes of draining
  4 sky beasts
  2 snapping turtle zombies
  A spiny frog skeleton (Hell)
  3 black bears
  11 necrophages
  An ettin simulacrum (Depths:2)
  A boggart (shapeshifter) (Vaults:5)
  36 ogres
  5 phantoms
  25 wolves
  15 boggarts
  11 crocodiles
  14 centaurs
  A crocodile (shapeshifter) (Vaults:5)
  20 big kobolds
  16 bullfrogs
  An earth elemental (Abyss:3)
  A glowing shapeshifter simulacrum (Vaults:1)
  6 gnoll sergeants
  Dowan (D:7)
  2 scorpions
  A water moccasin skeleton (D:8)
  3 killer bees (D:10)
  11 wights
  4 electric eels
  15 crimson imps
  4 quasits
  7 hounds
  2 bullfrog skeletons
  3 gnoll shamans (D:5)
  31 orc priests
  A jelly (D:12)
  9 iron imps
  3 iguanas
  12 worker ants
  30 orc wizards
  5 hell rats (Hell)
  An ogre zombie (Geh:1)
  A tengu zombie (Geh:7)
  A hound zombie (D:7)
  4 mummies (D:12)
  A hound skeleton (D:3)
  32 gnolls
  17 adders
  A howler monkey skeleton (D:9)
  7 shadow imps
  6 white imps
  4 ufetubi (Abyss:3)
  2 oozes
  2 adder skeletons
  A worm (D:2)
  2 dart slugs
  9 leopard geckos
  138 orcs
  8 ball pythons
  4 bats
  5 giant cockroaches
  12 hobgoblins
  33 jackals
  9 quokkas
  2 frilled lizards (D:1)
  7 goblins
  A jackal skeleton (D:5)
  A jackal zombie (D:8)
  36 kobolds
  A leopard gecko zombie (D:5)
  2 quokka skeletons
  A quokka zombie (D:6)
  5 rats
  3 butterflies
  2 crawling corpses (Vaults:5)
  A fire vortex (Geh:7)
  8 fungi
  19 plants
  4 starspawn tentacles (Abyss:3)
  7 tentacles
  3 withered plants (D:15)
3199 creatures vanquished.

Vanquished Creatures (collateral kills)
  A manticore (Shoals:3)
1 creature vanquished.

Vanquished Creatures (others)
  An eldritch tentacle (Tar:7)
  A nagaraja (Snake:4)
  A stone giant (Depths:5)
  2 merfolk javelineers
  An ettin (Vaults:5)
  5 yaktaur captains
  2 centaur warriors
  A merfolk aquamancer (Shoals:4)
  2 satyrs
  2 tengu warriors (Depths:2)
  A hell hog (Geh:1)
  A deep troll earth mage (Depths:3)
  A naga sharpshooter (Snake:3)
  An ogre mage (Vaults:2)
  3 deep elf knights
  A deep troll (Depths:2)
  A wizard (Depths:1)
  3 deep elf archers
  A quicksilver dragon simulacrum (Depths:2)
  A glowing orange brain (Slime:3)
  A phantasmal warrior (Vaults:5)
  An ugly thing (Depths:3)
  2 cyclopes
  3 fauns
  10 yaktaurs
  A demonic crawler (Hell)
  A slime creature (Depths:2)
  2 flying skulls
  A fire dragon skeleton (Geh:1)
  2 nagas
  A small abomination (Abyss:3)
  5 ettin simulacra (Depths:2)
  9 centaurs
  An iron imp (Dis:7)
  An orc wizard (Orc:2)
  An orc (Vaults:5)
  A crawling corpse (Vaults:5)
  10 fungi
  4 plants
  9 starspawn tentacles
  9 tentacles
107 creatures vanquished.

Grand Total: 3307 creatures vanquished

Notes
Turn   | Place    | Note
-------+----------+-------------------------------------------
     0 | D:1      | Rrauwl the Formicid Fighter began the quest for the Orb.
     0 | D:1      | Reached XP level 1. HP: 18/18 MP: 1/1
   104 | D:1      | Reached skill level 1 in Dodging
   105 | D:1      | Reached XP level 2. HP: 17/24 MP: 2/2
   663 | D:1      | Reached XP level 3. HP: 29/29 MP: 3/3
   829 | D:2      | Reached skill level 4 in Shields
  1205 | D:2      | Reached XP level 4. HP: 32/37 MP: 4/4
  1531 | D:2      | Found an iron altar of Okawaru.
  1554 | D:2      | Became a worshipper of Warmaster Okawaru
  1949 | D:3      | Reached XP level 5. HP: 31/42 MP: 5/5
  2612 | D:3      | Reached skill level 5 in Shields
  2615 | D:3      | Reached XP level 6. HP: 48/48 MP: 6/6
  3053 | D:4      | Found an opulent altar of Gozag.
  3225 | D:4      | Noticed an ogre
  3585 | D:4      | Noticed an ogre
  3590 | D:4      | Killed an ogre
  3590 | D:4      | Reached skill level 5 in Armour
  3877 | D:4      | Killed an ogre
  3877 | D:4      | Reached * piety under Okawaru
  3877 | D:4      | Reached XP level 7. HP: 46/54 MP: 7/7
  3956 | D:5      | Entered Level 5 of the Dungeon
  3967 | D:5      | Reached skill level 5 in Axes
  4241 | D:5      | Reached XP level 8. HP: 36/60 MP: 8/8
  4386 | D:5      | Found a staircase to the Ecumenical Temple.
  4453 | D:5      | Reached ** piety under Okawaru
  4460 | Temple   | Entered the Ecumenical Temple
  6131 | D:6      | Reached XP level 9. HP: 65/65 MP: 9/9
  6542 | D:6      | Reached skill level 10 in Axes
  6556 | D:6      | Reached *** piety under Okawaru
  7428 | D:7      | Noticed Duvessa
  7428 | D:7      | Noticed Dowan
  7439 | D:7      | Killed Dowan
  7454 | D:7      | Killed Duvessa
  7454 | D:7      | Reached **** piety under Okawaru
  7454 | D:7      | Reached skill level 5 in Fighting
  7454 | D:7      | Reached skill level 1 in Invocations
  7454 | D:7      | Reached XP level 10. HP: 43/74 MP: 10/10
  7605 | D:7      | Reached skill level 1 in Evocations
  7666 | D:7      | Got a scorched wooden ring
  7668 | D:7      | Identified the ring "Leidgh" {rCorr -Tele rF+ Dex+2 SInv} (You found it on level 7 of the Dungeon)
  7966 | D:7      | Noticed Joseph
  7979 | D:7      | Killed Joseph
  8438 | D:8      | Found a shimmering altar of Xom.
  8442 | D:8      | Noticed a two-headed ogre
  8450 | D:8      | Killed a two-headed ogre
  8833 | D:8      | Noticed an unseen horror
  8834 | D:8      | Reached ***** piety under Okawaru
  8834 | D:8      | Reached skill level 5 in Invocations
  8836 | D:8      | Reached XP level 11. HP: 74/83 MP: 11/14
  8843 | D:8      | Killed an unseen horror
  8843 | D:8      | Reached skill level 5 in Evocations
  8848 | D:8      | Got a translucent jade amulet
  8857 | D:8      | Noticed a centaur warrior
  8866 | D:8      | Killed a centaur warrior
  8875 | D:8      | Got a coiled wooden ring
  8885 | D:8      | Got a steaming ivory amulet
  8886 | D:8      | Identified the amulet of Begiem {Fragile rN+ MR++ Regen+ Dex+3} (You took it off an orc wizard on level 8 of the Dungeon)
  8887 | D:8      | Identified the ring of Dawn {*Corrode +Inv Str+2 Int+3 Stlth+} (You took it off a centaur warrior on level 8 of the Dungeon)
  8889 | D:8      | Identified the amulet "Jybb" {Inacc +Blink MP+9} (You found it on level 8 of the Dungeon)
  8902 | D:8      | Got a glittering steel ring
  8904 | D:8      | Identified the ring "Jorheix" {Ice Int+2} (You found it on level 8 of the Dungeon)
  9041 | D:8      | Noticed a two-headed ogre
  9049 | D:8      | Killed a two-headed ogre
  9213 | D:8      | Noticed Maurice
  9219 | D:8      | Killed Maurice
  9412 | D:9      | Found a staircase to the Lair.
  9697 | D:9      | Noticed a two-headed ogre
  9705 | D:9      | Killed a two-headed ogre
  9705 | D:9      | Received a gift from Okawaru
  9710 | D:9      | Got a smoking buckler {god gift}
  9721 | D:9      | Identified the +0 buckler of Protective Custody {*Corrode rC+ Str+4 Int+5} (Okawaru gifted it to you on level 9 of the Dungeon)
  9918 | D:10     | Entered Level 10 of the Dungeon
  9948 | D:10     | Found a staircase to the Orcish Mines.
  9961 | D:10     | Reached XP level 12. HP: 85/93 MP: 15/17
  9983 | D:10     | Reached skill level 6 in Shields
 10145 | D:10     | Noticed an unseen horror
 10150 | D:10     | Killed an unseen horror
 10760 | D:11     | Gained mutation: You are robust. (+10% HP) [potion of mutation]
 10760 | D:11     | Gained mutation: You are agile. (Dex +2) [potion of mutation]
 10760 | D:11     | Gained mutation: You have sharp fingernails. [potion of mutation]
 10760 | D:11     | Gained mutation: You are partially covered in rugged brown scales. (AC +1, +3% HP) [potion of mutation]
 10771 | D:11     | Noticed a two-headed ogre
 10779 | D:11     | Killed a two-headed ogre
 10807 | D:11     | Noticed a two-headed ogre
 10816 | D:11     | Killed a two-headed ogre
 10947 | D:11     | Reached skill level 7 in Shields
 11314 | D:12     | Noticed a two-headed ogre
 11321 | D:12     | Killed a two-headed ogre
 11321 | D:12     | Received a gift from Okawaru
 11433 | D:12     | Noticed a sixfirhy
 11524 | D:12     | Noticed a fire giant
 11535 | D:12     | Killed a fire giant
 11535 | D:12     | Reached XP level 13. HP: 74/115 MP: 19/19
 11719 | D:12     | Reached skill level 8 in Shields
 11923 | D:12     | Noticed a reaper
 11923 | D:12     | Noticed a reaper
 11923 | D:12     | Noticed a reaper
 11923 | D:12     | Noticed a reaper
 11935 | D:12     | Noticed a reaper
 11951 | D:12     | Reached skill level 10 in Fighting
 12000 | D:12     | Reached ****** piety under Okawaru
 12232 | D:12     | Noticed Snorg
 12243 | D:12     | Killed Snorg
 12783 | Lair:1   | Entered Level 1 of the Lair of Beasts
 13004 | Lair:1   | Reached skill level 10 in Armour
 13081 | Lair:1   | Noticed an eight-headed hydra
 13090 | Lair:1   | Killed an eight-headed hydra
 13090 | Lair:1   | Reached skill level 5 in Dodging
 13090 | Lair:1   | Reached skill level 9 in Shields
 13399 | Lair:1   | Received a gift from Okawaru
 13589 | Lair:2   | Found a staircase to the Snake Pit.
 13861 | Lair:2   | Reached XP level 14. HP: 119/125 MP: 20/20
 14668 | Lair:3   | Reached skill level 10 in Shields
 15278 | Lair:4   | Found a frozen archway.
 15298 | IceCv    | Entered an ice cave
 15798 | IceCv    | Received a gift from Okawaru
 15803 | IceCv    | Got a slimy broad axe {god gift}
 15804 | IceCv    | Identified the +1 broad axe of Bread {flame, *Corrode MR+ Int+3} (Okawaru gifted it to you in an ice cave)
 16561 | Lair:4   | Found a staircase to the Shoals.
 16889 | Lair:5   | Found a labyrinth entrance.
 16898 | Lab      | Entered a labyrinth
 17102 | Lab      | Got a steaming shortbow
 17106 | Lab      | Identified the Grimoire of the Voyage
 17112 | Lab      | Identified Sif Muna's Almanac of Talismans
 17114 | Lab      | Got a jewelled leather armour
 17289 | Lair:1   | Identified the cursed +1 shortbow "Cookie Cutter" {speed, rN+} (You took it off a minotaur in a labyrinth)
 17308 | Lair:1   | Identified the +2 leather armour of Diopp {-Tele rElec rC- MR+++} (You found it in a labyrinth)
 17612 | Lair:5   | Received a gift from Okawaru
 17612 | Lair:5   | Reached skill level 11 in Shields
 17616 | Lair:5   | Got a faintly glowing large shield {god gift}
 17627 | Lair:5   | Identified the -5 large shield of the Greedy {rElec rPois MR-} (Okawaru gifted it to you on level 5 of the Lair of Beasts)
 18417 | Lair:6   | Entered Level 6 of the Lair of Beasts
 18445 | Lair:6   | Reached XP level 15. HP: 132/135 MP: 21/21
 18524 | Lair:6   | Found a snail-covered altar of Cheibriados.
 18569 | Lair:6   | Found a staircase to the Slime Pits.
 19278 | Lair:6   | Reached skill level 15 in Axes
 19323 | Lair:6   | Reached skill level 12 in Shields
 19341 | Lair:6   | Received a gift from Okawaru
 20789 | D:13     | Received a gift from Okawaru
 20935 | D:14     | Noticed a stone giant
 20937 | D:14     | Noticed a fire giant
 20943 | D:14     | Killed a stone giant
 20947 | D:14     | Killed a fire giant
 20959 | D:14     | Got a slimy plate armour
 20970 | D:14     | Identified the +7 plate armour of the Dwarven Hall {Int+4 Dex+5} (You found it on level 14 of the Dungeon)
 20987 | D:14     | Noticed Asanbosam's ghost (journeyman DDFi)
 20997 | D:14     | Reached skill level 13 in Shields
 21005 | D:14     | Noticed Urug
 21006 | D:14     | Reached XP level 16. HP: 141/143 MP: 15/22
 21017 | D:14     | Killed Asanbosam's ghost
 21027 | D:14     | Killed Urug
 21457 | D:14     | Reached skill level 14 in Shields
 21517 | D:14     | Found a gate to the Vaults.
 21547 | D:14     | Found Xabaa's Weapon Boutique.
 21859 | D:15     | Entered Level 15 of the Dungeon
 21859 | D:15     | Found a staircase to the Depths.
 21943 | D:15     | Received a gift from Okawaru
 22235 | D:15     | Reached skill level 15 in Shields
 22419 | D:15     | Identified a scroll of acquirement
 22611 | Depths:1 | Entered Level 1 of the Depths
 22789 | Depths:1 | Reached XP level 17. HP: 63/150 MP: 23/23
 23228 | Depths:1 | Noticed a sphinx
 23260 | Depths:1 | Found Laxzeth's Gadget Shoppe.
 23287 | Depths:1 | Found a gateway to Hell.
 23292 | Depths:1 | Found Miallax's Book Shop.
 23294 | Depths:1 | Found Nashren's Antique Weapon Emporium.
 23313 | Depths:1 | Got a wavering pewter ring
 23315 | Depths:1 | Identified the ring of Royalty {-Tele +Fly rPois Stlth-} (You found it on level 1 of the Depths)
 23340 | Depths:1 | Received a gift from Okawaru
 23341 | Depths:1 | Got a slimy scale mail {god gift}
 23644 | Depths:1 | Reached skill level 16 in Shields
 24048 | Depths:1 | Got an uncursed encrusted hand crossbow {speed}
 24049 | Depths:1 | Identified the +6 hand crossbow of Milal {speed, rN+ Str+9} (You took it off a yaktaur on level 1 of the Depths)
 24072 | Depths:1 | Found a one-way gate to the infinite horrors of the Abyss.
 24187 | Depths:1 | Found a one-way gate leading to the halls of Pandemonium.
 24483 | Orc:1    | Entered Level 1 of the Orcish Mines
 24713 | Orc:2    | Entered Level 2 of the Orcish Mines
 24713 | Orc:2    | Found a roughly hewn altar of Beogh.
 24779 | Orc:2    | Found a staircase to the Elven Halls.
 25135 | Orc:2    | Found Risygyma's Food Boutique.
 25136 | Orc:2    | Found Ezun's General Store.
 25359 | Orc:2    | Bought a scroll of identify for 26 gold pieces
 25502 | Orc:2    | Reached skill level 17 in Shields
 25508 | Orc:2    | Received a gift from Okawaru
 25924 | Orc:2    | Reached XP level 18. HP: 153/158 MP: 21/24
 25929 | Orc:2    | Found Zumegheg's Antique Armour Shoppe.
 25929 | Orc:2    | Found Sebaoji's Book Emporium.
 25941 | Orc:2    | Bought a pair of faintly glowing boots for 313 gold pieces
 25951 | Orc:2    | Identified the +1 scale mail of the Leaf {Str+3 Int+5} (Okawaru gifted it to you on level 1 of the Depths)
 26133 | Orc:1    | Noticed Fannar
 26142 | Orc:1    | Killed Fannar
 26980 | Depths:2 | Received a gift from Okawaru
 26989 | Depths:2 | Noticed a lich
 27002 | Depths:2 | Killed a lich
 27033 | Depths:2 | Found an opulent altar of Gozag.
 27040 | Depths:2 | Reached skill level 18 in Shields
 27092 | Depths:2 | Noticed a quicksilver dragon
 27105 | Depths:2 | Killed a quicksilver dragon
 27122 | Depths:2 | Received a gift from Okawaru
 27760 | Depths:2 | Reached skill level 19 in Shields
 27774 | Depths:2 | Reached XP level 19. HP: 62/164 MP: 19/25
 28078 | Depths:2 | Found a shimmering altar of Xom.
 28116 | Depths:2 | Got a garnet-encrusted chain mail
 28125 | Depths:2 | Noticed a tentacled monstrosity
 28141 | Depths:2 | Killed a tentacled monstrosity
 28170 | Depths:2 | Got a crude hand crossbow
 28215 | Depths:2 | Received a gift from Okawaru
 28239 | Depths:2 | Got a slimy ring mail {god gift}
 28576 | Depths:2 | Identified the +6 chain mail of the Zebra {rC- Str+5} (You took it off a tengu warrior on level 2 of the Depths)
 28587 | Depths:2 | Identified the +6 ring mail "Xogi Jits" {rPois rN+ Slay-2} (Okawaru gifted it to you on level 2 of the Depths)
 28598 | Depths:2 | Identified the +6 hand crossbow of Patterns {flame, -Tele Str+6 Dex+4} (You took it off a spriggan on level 2 of the Depths)
 28656 | Depths:2 | Got a smoking graven amulet
 28753 | Depths:2 | Noticed a lich
 28771 | Depths:2 | Noticed a golden dragon
 28774 | Depths:2 | Killed a lich
 28787 | Depths:2 | Killed a golden dragon
 29035 | Depths:2 | Got a warped scarf
 29070 | Depths:2 | Identified the amulet of the Five Seas {RegenMP Stlth+} (You took it off a tengu conjurer on level 2 of the Depths)
 29071 | Depths:2 | Identified the scarf of Afreadom {*Contam rN+++ MP-9 SInv} (You found it on level 2 of the Depths)
 29132 | Depths:2 | Found a glowing silver altar of Zin.
 29141 | Depths:2 | Reached skill level 20 in Shields
 29187 | Depths:2 | Found a stormy altar of Qazlal.
 29744 | Snake:1  | Entered Level 1 of the Snake Pit
 29745 | Snake:1  | Upgraded the game from 0.21-a0-82-gdb84782 to 0.21-a0-85-ga0cb861
 30026 | Snake:1  | Noticed Azrael
 30039 | Snake:1  | Killed Azrael
 30039 | Snake:1  | Received a gift from Okawaru
 30051 | Snake:1  | Got an ancient battleaxe {god gift}
 30052 | Snake:1  | Identified the +7 battleaxe of the Insatiable Demons {freeze, MR+ Int+7} (Okawaru gifted it to you on level 1 of the Snake Pit)
 30063 | Snake:1  | Noticed Aizul
 30086 | Snake:1  | Killed Aizul
 30270 | Snake:1  | Reached XP level 20. HP: 172/172 MP: 26/26
 30657 | Snake:2  | Reached skill level 10 in Dodging
 31265 | Snake:2  | Noticed Louise
 31279 | Snake:2  | Killed Louise
 31497 | Snake:3  | Noticed Asterion
 31526 | Snake:3  | Killed Asterion
 31563 | Snake:3  | Found a runed door.
 31571 | Snake:3  | Reached skill level 21 in Shields
 31998 | Snake:3  | Reached skill level 10 in Invocations
 32005 | Snake:3  | Received a gift from Okawaru
 32194 | Snake:3  | Found Zocitaf's Distillery.
 32194 | Snake:3  | Found Zealoi's Antique Armour Shop.
 32208 | Snake:3  | Bought a potion of degeneration for 14 gold pieces
 32208 | Snake:3  | Bought a potion of curing for 42 gold pieces
 32208 | Snake:3  | Bought a potion of curing for 42 gold pieces
 32546 | Snake:4  | Entered Level 4 of the Snake Pit
 33261 | Snake:4  | Reached XP level 21. HP: 129/179 MP: 29/29
 33312 | Snake:4  | Received a gift from Okawaru
 33334 | Snake:4  | Received a gift from Okawaru
 33860 | Snake:4  | Got a serpentine rune of Zot
 34173 | Shoals:1 | Entered Level 1 of the Shoals
 35735 | Shoals:2 | Noticed Donald
 35748 | Shoals:2 | Killed Donald
 35901 | Shoals:2 | Received a gift from Okawaru
 36994 | Shoals:4 | Entered Level 4 of the Shoals
 37000 | Shoals:4 | Reached XP level 22. HP: 186/186 MP: 30/33
 37008 | Shoals:4 | Reached skill level 15 in Invocations
 37056 | Shoals:4 | Reached skill level 15 in Dodging
 37147 | Shoals:4 | Noticed Roxanne
 37169 | Shoals:4 | Killed Roxanne
 37193 | Shoals:4 | Identified Roxanne's Guide on Transformation (You took it off Roxanne on level 4 of the Shoals)
 37432 | Shoals:4 | Noticed Ilsuiw
 37439 | Shoals:4 | Killed Ilsuiw
 37717 | Shoals:4 | Received a gift from Okawaru
 38463 | Shoals:4 | Got a barnacled rune of Zot
 38839 | Vaults:1 | Entered Level 1 of the Vaults
 38993 | Vaults:1 | Found Vaxt's General Store.
 39003 | Vaults:1 | Found Yliutui's Assorted Antiques.
 39184 | Vaults:1 | Noticed Saint Roka
 39221 | Vaults:1 | Killed Saint Roka
 39391 | Vaults:1 | Found Maoh's Weapon Boutique.
 39647 | Vaults:1 | Received a gift from Okawaru
 39759 | Vaults:1 | Reached XP level 23. HP: 193/193 MP: 35/35
 39785 | Vaults:1 | Lost mutation: You are robust. (+10% HP) [mutagenic meat]
 39786 | Vaults:1 | Lost mutation: You are partially covered in rugged brown scales. (AC +1, +3% HP) [mutagenic meat]
 39788 | Vaults:1 | Gained mutation: You evolve. [mutagenic meat]
 39789 | Vaults:1 | Gained mutation: Your magical capacity is low. (-10% MP) [mutagenic meat]
 39790 | Vaults:1 | Lost mutation: You are agile. (Dex +2) [mutagenic meat]
 39791 | Vaults:1 | Gained mutation: You are clumsy. (Dex -2) [mutagenic meat]
 39792 | Vaults:1 | Gained mutation: You rapidly evolve. [mutagenic meat]
 39793 | Vaults:1 | Gained mutation: You are surrounded by a mild repulsion field. (EV +2) [mutagenic meat]
 39795 | Vaults:1 | Gained mutation: Your mind is acute. (Int +2) [mutagenic meat]
 39795 | Vaults:1 | Lost mutation: You are clumsy. (Dex -2) [evolution]
 39796 | Vaults:1 | Gained mutation: Scrolls take you a little longer to read. [mutagenic meat]
 39797 | Vaults:1 | Gained mutation: You have large cloven feet. [mutagenic meat]
 39798 | Vaults:1 | Gained mutation: You do not regenerate when monsters are visible. [mutagenic meat]
 39800 | Vaults:1 | Gained mutation: You are frail. (-10% HP) [mutagenic meat]
 39802 | Vaults:1 | Lost mutation: Scrolls take you a little longer to read. [mutagenic meat]
 39822 | Vaults:1 | Found Neugemur's Gadget Shoppe.
 40318 | Vaults:1 | Found Nuweivve's Antique Weapon Boutique.
 40324 | Vaults:1 | Bought a glowing executioner's axe for 403 gold pieces
 40672 | Lair:1   | Lost mutation: You have large cloven feet. [potion of mutation]
 40672 | Lair:1   | Gained mutation: You are resistant to hostile enchantments. (MR+) [potion of mutation]
 40672 | Lair:1   | Gained mutation: You have sharp toenails. [potion of mutation]
 40673 | Lair:1   | Lost mutation: You are frail. (-10% HP) [potion of mutation]
 40673 | Lair:1   | Lost mutation: You are resistant to hostile enchantments. (MR+) [potion of mutation]
 40673 | Lair:1   | Lost mutation: You have sharp fingernails. [potion of mutation]
 40673 | Lair:1   | Gained mutation: Your flesh is cold resistant. (rC+) [potion of mutation]
 40673 | Lair:1   | Gained mutation: You are resistant to hostile enchantments. (MR+) [potion of mutation]
 40674 | Lair:1   | Lost mutation: You do not regenerate when monsters are visible. [potion of mutation]
 40674 | Lair:1   | Lost mutation: You are resistant to hostile enchantments. (MR+) [potion of mutation]
 40674 | Lair:1   | Lost mutation: You have sharp toenails. [potion of mutation]
 40674 | Lair:1   | Lost mutation: Your magical capacity is low. (-10% MP) [potion of mutation]
 40674 | Lair:1   | Lost mutation: You rapidly evolve. [potion of mutation]
 40674 | Lair:1   | Lost mutation: You are surrounded by a mild repulsion field. (EV +2) [potion of mutation]
 40674 | Lair:1   | Gained mutation: Your magical capacity is low. (-10% MP) [potion of mutation]
 40674 | Lair:1   | Gained mutation: Armour fits poorly on your strangely shaped body. [potion of mutation]
 40674 | Lair:1   | Gained mutation: Scrolls take you a little longer to read. [potion of mutation]
 40674 | Lair:1   | Gained mutation: You have sharp toenails. [potion of mutation]
 40675 | Lair:1   | Lost mutation: Armour fits poorly on your strangely shaped body. [potion of mutation]
 40675 | Lair:1   | Lost mutation: Scrolls take you a little longer to read. [potion of mutation]
 40675 | Lair:1   | Lost mutation: Your flesh is cold resistant. (rC+) [potion of mutation]
 40675 | Lair:1   | Gained mutation: You rapidly evolve. [potion of mutation]
 40675 | Lair:1   | Lost mutation: Your mind is acute. (Int +2) [potion of mutation]
 40675 | Lair:1   | Gained mutation: You are partially covered in iridescent scales. (AC +2) [potion of mutation]
 40945 | Vaults:2 | Found Sent's General Store.
 40953 | Vaults:2 | Bought a scroll of identify for 32 gold pieces
 40953 | Vaults:2 | Bought a scroll of fog for 32 gold pieces
 41178 | Vaults:2 | Reached skill level 15 in Armour
 42250 | Vaults:3 | Noticed Xtahua
 42262 | Vaults:3 | Killed Xtahua
 42262 | Vaults:3 | Received a gift from Okawaru
 42870 | Vaults:3 | Found a staircase to the Crypt.
 42928 | Vaults:3 | Reached XP level 24. HP: 157/178 MP: 31/31
 43024 | Vaults:3 | Received a gift from Okawaru
 43471 | Vaults:4 | Noticed Jory
 43494 | Vaults:4 | Noticed Jorgrun
 43494 | Vaults:4 | Killed Jory
 43502 | Vaults:4 | Killed Jorgrun
 43598 | Vaults:4 | Found Kyra Kad's Gadget Boutique.
 43670 | Vaults:4 | Found Juticac's Jewellery Boutique.
 43688 | Vaults:4 | Got a faintly glowing garnet amulet
 43689 | Vaults:4 | Identified the amulet of Jeot {Spirit MR+ MP-9 Str+5 SInv} (You found it on level 4 of the Vaults)
 43696 | Vaults:4 | Bought the ring "Ankackeq" {Wiz *Drain rF++ rN++} for 831 gold pieces
 44329 | Vaults:4 | Found a radiant altar of Vehumet.
 44636 | Vaults:5 | Entered Level 5 of the Vaults
 44690 | Vaults:5 | Noticed a golden dragon
 44727 | Vaults:5 | Received a gift from Okawaru
 44743 | Vaults:5 | Killed a golden dragon
 44766 | Vaults:5 | Reached XP level 25. HP: 112/184 MP: 26/31
 44890 | Vaults:5 | Received a gift from Okawaru
 45459 | Vaults:5 | Gained mutation: You have razor-sharp toenails. [evolution]
 45897 | Vaults:5 | Noticed an ancient lich
 45919 | Vaults:5 | Killed an ancient lich
 46141 | Vaults:5 | Reached XP level 26. HP: 177/195 MP: 31/31
 46171 | Vaults:5 | Received a gift from Okawaru
 46199 | Vaults:5 | Got a vibrating lapis lazuli ring
 46208 | Vaults:5 | Got a silver rune of Zot
 46303 | Vaults:5 | Identified the ring "Ofesus" {Int+4 Stlth+} (You took it off a frost giant on level 5 of the Vaults)
 46854 | Vaults:5 | Identified a +0 pair of boots of running (You found it on level 5 of the Vaults)
 47590 | Depths:3 | Found a transporter.
 47685 | Depths:3 | Reached skill level 15 in Fighting
 47702 | Depths:3 | Found a gateway to a ziggurat.
 47729 | Depths:3 | Received a gift from Okawaru
 48269 | Depths:3 | Got a slimy ivory ring
 48294 | Depths:3 | Found a transporter.
 48365 | Depths:3 | Got an ichor-stained hand crossbow
 48366 | Depths:3 | Identified the +8 hand crossbow "Cookie Cutter" {venom, Int+4} (You found it on level 3 of the Depths)
 48371 | Depths:3 | Identified the ring "Tynool" {rF+ rC+ Str+4 Int-3 Dex+2} (You found it on level 3 of the Depths)
 48418 | Depths:3 | Got a steaming plate armour
 48429 | Depths:3 | Identified the +0 plate armour of Plog {rF++} (You acquired it on level 3 of the Depths)
 48501 | Depths:4 | Noticed Sojobo
 48542 | Depths:4 | Killed Sojobo
 48747 | Depths:4 | Noticed the Enchantress
 48772 | Depths:4 | Killed the Enchantress
 48795 | Depths:4 | Got faerie dragon scales
 48806 | Depths:4 | Identified the +6 faerie dragon scales {rCorr Str+2 Dex+2} (You took it off the Enchantress on level 4 of the Depths)
 49424 | Depths:4 | Reached XP level 27. HP: 217/217 MP: 30/31
 49431 | Depths:4 | Received a gift from Okawaru
 49519 | Depths:4 | Found Geps's Distillery.
 49525 | Depths:4 | Bought a potion of curing for 75 gold pieces
 49525 | Depths:4 | Bought a potion of heal wounds for 125 gold pieces
 49525 | Depths:4 | Bought a potion of heal wounds for 125 gold pieces
 49525 | Depths:4 | Bought a potion of might for 100 gold pieces
 49525 | Depths:4 | Bought a potion of agility for 100 gold pieces
 49525 | Depths:4 | Bought a potion of curing for 75 gold pieces
 49525 | Depths:4 | Bought a potion of flight for 75 gold pieces
 49525 | Depths:4 | Bought a potion of curing for 75 gold pieces
 49667 | Depths:5 | Entered Level 5 of the Depths
 49728 | Depths:5 | Found a shimmering altar of Xom.
 50021 | Depths:5 | Found a gate to the Realm of Zot.
 50934 | Depths:1 | Voluntarily entered the Abyss.
 50984 | Abyss:1  | Found a corrupted altar of Lugonu.
 50995 | Abyss:1  | Noticed an ancient lich
 51017 | Abyss:1  | Killed an ancient lich
 51049 | Abyss:1  | Found a hide-covered altar of Uskayaw.
 51177 | Abyss:1  | Gained mutation: You occasionally shout uncontrollably at your foes. [a neqoxec]
 52002 | Abyss:3  | Lost mutation: You sometimes yell uncontrollably at your foes. [mutagenic meat]
 52238 | Abyss:3  | Received a gift from Okawaru
 52241 | Abyss:3  | Got a pair of polished gloves {god gift}
 52252 | Abyss:3  | Identified the +0 pair of gloves of Suyzi {rPois rF+ Regen+ rCorr} (Okawaru gifted it to you on level 3 of the Abyss)
 52324 | Abyss:3  | Reached skill level 10 in Evocations
 52352 | Abyss:3  | Found a corrupted altar of Lugonu.
 52402 | Abyss:3  | Gained mutation: Your body sometimes deteriorates upon taking damage. [a neqoxec]
 52598 | Abyss:3  | Gained mutation: You are clumsy. (Dex -2) [a neqoxec]
 52634 | Abyss:3  | Got an abyssal rune of Zot
 52896 | Abyss:3  | Found an ancient bone altar of Kikubaaqudgha.
 53280 | Depths:1 | Escaped the Abyss
 53326 | Depths:1 | Lost mutation: You have razor-sharp toenails. [potion of mutation]
 53326 | Depths:1 | Lost mutation: You are clumsy. (Dex -2) [potion of mutation]
 53326 | Depths:1 | Lost mutation: You are partially covered in iridescent scales. (AC +2) [potion of mutation]
 53326 | Depths:1 | Lost mutation: You have sharp toenails. [potion of mutation]
 53326 | Depths:1 | Gained mutation: You are robust. (+10% HP) [potion of mutation]
 53326 | Depths:1 | Gained mutation: You have sharp fingernails. [potion of mutation]
 53326 | Depths:1 | Gained mutation: Your flesh is cold resistant. (rC+) [potion of mutation]
 53484 | D:9      | Gained mutation: You are partially covered in molten scales. (AC +2) [evolution]
 53744 | Slime:1  | Entered Level 1 of the Pits of Slime
 54164 | Slime:1  | Gained mutation: Scrolls take you a little longer to read. [a shining eye]
 54416 | Slime:2  | Gained mutation: Your magical capacity is very low. (-20% MP) [a shining eye]
 54432 | Slime:2  | Gained mutation: You are weak. (Str -2) [a shining eye]
 54438 | Slime:2  | Lost mutation: You are robust. (+10% HP) [a shining eye]
 54574 | Slime:2  | Received a gift from Okawaru
 54880 | Slime:5  | Entered Level 5 of the Pits of Slime
 55076 | Slime:5  | Noticed the Royal Jelly
 55150 | Slime:5  | Found a viscous altar of Jiyva.
 55188 | Slime:5  | Killed the Royal Jelly
 55266 | Slime:5  | Got a slimy rune of Zot
 55355 | Slime:5  | Identified the Handbook of Unstable Poison
 55492 | Slime:3  | Received a gift from Okawaru
 55525 | Slime:2  | Gained mutation: You occasionally shout uncontrollably at your foes. [a shining eye]
 55526 | Slime:2  | Gained mutation: You sometimes yell uncontrollably at your foes. [a shining eye]
 55952 | Lair:1   | Lost mutation: Your body sometimes deteriorates upon taking damage. [potion of mutation]
 55952 | Lair:1   | Lost mutation: You are partially covered in molten scales. (AC +2) [potion of mutation]
 55952 | Lair:1   | Lost mutation: You are weak. (Str -2) [potion of mutation]
 55952 | Lair:1   | Gained mutation: You are partially covered in large bone plates. (SH +4) [potion of mutation]
 55953 | Lair:1   | Lost mutation: You rapidly evolve. [potion of mutation]
 55953 | Lair:1   | Lost mutation: Your flesh is cold resistant. (rC+) [potion of mutation]
 55953 | Lair:1   | Lost mutation: Your magical capacity is very low. (-20% MP) [potion of mutation]
 55953 | Lair:1   | Lost mutation: Scrolls take you a little longer to read. [potion of mutation]
 55953 | Lair:1   | Lost mutation: You have sharp fingernails. [potion of mutation]
 55953 | Lair:1   | Gained mutation: You possess an exceptional clarity of mind. [potion of mutation]
 55953 | Lair:1   | Gained mutation: Your mind is acute. (Int +2) [potion of mutation]
 56119 | Hell     | Entered the Vestibule of Hell
 56343 | Hell     | Gained mutation: You are frail. (-10% HP) [a cacodemon]
 56347 | Hell     | Reached skill level 22 in Shields
 56484 | Hell     | Noticed Geryon
 56568 | Hell     | Gained mutation: Your spells are a little easier to cast, but a little less powerful. [a cacodemon]
 56569 | Hell     | Reached skill level 23 in Shields
 56575 | Hell     | Killed Geryon
 56603 | Hell     | Received a gift from Okawaru
 56746 | Hell     | Found a gateway to the ashen valley of Gehenna.
 56810 | Hell     | Found a gateway to the decaying netherworld of Tartarus.
 56957 | Hell     | Found a gateway to the Iron City of Dis.
 57118 | Hell     | Found a gateway to the freezing wastes of Cocytus.
 57202 | Geh:1    | Entered Level 1 of Gehenna
 57265 | Geh:1    | Lost mutation: Your mind is acute. (Int +2) [mutagenic glow]
 57295 | Geh:1    | Reached skill level 24 in Shields
 57739 | Geh:1    | You fall through a shaft!
 57838 | Geh:2    | You fall through a shaft!
 57879 | Geh:3    | Reached skill level 25 in Shields
 57956 | Geh:3    | You fall through a shaft for 2 floors!
 57959 | Geh:5    | Received a gift from Okawaru
 58002 | Geh:5    | You fall through a shaft!
 58218 | Geh:6    | You fall through a shaft!
 58218 | Geh:7    | Entered Level 7 of Gehenna
 58542 | Geh:7    | Reached skill level 26 in Shields
 59115 | Geh:7    | Reached skill level 27 in Shields
 59115 | Geh:7    | Received a gift from Okawaru
 59539 | Geh:7    | Noticed Asmodeus
 59578 | Geh:7    | Killed Asmodeus
 59675 | Geh:7    | Got an obsidian rune of Zot
 59872 | Hell     | Lost mutation: Your magical capacity is low. (-10% MP) [potion of mutation]
 59872 | Hell     | Lost mutation: You are frail. (-10% HP) [potion of mutation]
 59872 | Hell     | Lost mutation: Your spells are a little easier to cast, but a little less powerful. [potion of mutation]
 59872 | Hell     | Lost mutation: You sometimes yell uncontrollably at your foes. [potion of mutation]
 59872 | Hell     | Gained mutation: You are partially covered in slimy green scales. (AC +2) [potion of mutation]
 59895 | Tar:1    | Entered Level 1 of Tartarus
 59904 | Tar:1    | You fall through a shaft!
 59907 | Tar:2    | You fall through a shaft for 2 floors!
 59949 | Tar:4    | You fall through a shaft for 2 floors!
 59952 | Tar:6    | You fall through a shaft!
 59952 | Tar:7    | Entered Level 7 of Tartarus
 60000 | Tar:7    | Received a gift from Okawaru
 60101 | Tar:7    | Noticed Ereshkigal
 60145 | Tar:7    | Killed Ereshkigal
 60439 | Tar:7    | Noticed an ancient lich
 60443 | Tar:7    | Noticed an ancient lich
 60454 | Tar:7    | Received a gift from Okawaru
 60466 | Tar:7    | Killed an ancient lich
 60483 | Tar:7    | Killed an ancient lich
 60549 | Tar:7    | Got a pair of slimy gloves {god gift}
 60550 | Tar:7    | Identified the +3 pair of gloves "Juecich" {Dex+2} (Okawaru gifted it to you on level 7 of Tartarus)
 60679 | Tar:7    | Got a bone rune of Zot
 60977 | Tar:7    | Gained mutation: You have a somewhat thin skeletal structure. (Dex +2, Stealth) [evolution]
 61038 | Tar:7    | Received a gift from Okawaru
 61210 | Dis:1    | Entered Level 1 of the Iron City of Dis
 61452 | Dis:1    | You fall through a shaft!
 61455 | Dis:2    | You fall through a shaft for 2 floors!
 61465 | Dis:4    | You fall through a shaft!
 61471 | Dis:5    | You fall through a shaft!
 61474 | Dis:6    | You fall through a shaft!
 61474 | Dis:7    | Entered Level 7 of the Iron City of Dis
 61513 | Dis:7    | Noticed the Serpent of Hell
 61545 | Dis:7    | Killed the Serpent of Hell
 61655 | Dis:7    | HP: 11/243 [Brimstone Fiend/damnation (37)]
 61656 | Dis:7    | Killed from afar by a Brimstone Fiend

Vault maps used:
D:1:      dpeg_arrival_rooms_b
D:2:      first_bread, okawaru_altar_gauntlet_db
D:3:      hangedman_decor_riveting, columned_hall_lemuel
D:4:      nicolae_gozag_cash_rules_everything_around_me
D:5:      lemuel_castle_with_subvaults, minmay_temple_entry_butterflies,
          minmay_a_box_with_orc_wizards_in_it
D:7:      grunt_ogre_cave, uniq_duvessa, uniq_joseph
D:8:      minmay_the_grid_triangle_9x9_rhombus_full, xom_butterflies,
          minmay_statues_item, uniq_maurice
D:9:      erik_lair_island, minmay_parallelograms
D:10:     kennysheep_orc_monster_closet_entryway
D:11:     corexii_corridor_pit
D:12:     kennysheep_scales, minmay_guarded_unrand_curses, uniq_snorg
D:13:     kennysheep_generic_room_6
D:14:     minmay_diamond_stairs, hangedman_vaults_entry_quadrant_bands,
          minmay_misc_feat_more_columns, serial_shops, shop, uniq_urug
D:15:     gammafunk_depths_entry_grave, nicolae_two_hexagons
Temple:   compressed_dpeg_triangle_lava_temple
Lair:1:   beast_lair_carwin_4
Lair:2:   minmay_snake_entry_six_corridors, serial_bayou_pond_e,
          lemuel_fruit_fields, infiniplex_staircase_pool
Lair:3:   beast_lair_carwin_2
Lair:4:   minmay_shoals_entry_centaurs, portal_ice_cave_demonic_guard,
          grunt_megastairs_3
Lair:5:   lab_entry_generic, st_stairs_9, minivault_25, grunt_megastairs_4
Lair:6:   minmay_lair_end_enchanted_forest, slime_dummy, kennysheep_snail_temple
Shoals:1: nicolae_shoals_mertower
Shoals:2: uniq_donald
Shoals:3: nicolae_shoals_kraken_intersection
Shoals:4: shoals_end_grunt_ice, shoals_ilsuiw_alternative, uniq_roxanne
Snake:1:  spider_trap, st_stairs_8, grunt_megastairs_2, uniq_azrael, uniq_aizul
Snake:2:  uniq_louise
Snake:3:  cheibrodos_toxic_ritual, spider_trap, minmay_shoptagon, uniq_asterion
Snake:4:  grunt_snake_rune_serpentine_throne, minmay_snake_pond
Slime:4:  cheibrodos_slime_lost_civilization_8
Orc:1:    uniq_fannar
Orc:2:    pf_orc_diabolical, basic_altar
Vaults:1: v_pattern_3, nicolae_vaults_know_your_exits, v_rooms_5,
          nicolae_vaults_network_star, ontoclasm_vaults_loading_screen,
          v_rooms_6, ontoclasm_vaults_twist, nicolae_vaults_hallways_thing,
          hangedman_vaults_maws, v_misc_10, serial_shops, shop_statue, shop,
          shop, nicolae_shop_overgrown_old_shop, shop, uniq_saint_roka
Vaults:2: v_misc_14, st_squares, hangedman_vaults_corner_blocks,
          vaults_mumra_hexcomb, hangedman_vaults_corner, vaults_room_octagon,
          hangedman_vaults_stretched_pinwheel, vaults_room_corners,
          stair_cage_open, vaults_dpeg_ring, serial_shops, shop
Vaults:3: hangedman_vaults_cutoff, v_alt_pattern_6, v_misc_5, v_misc_3,
          minmay_crypt_entry_nasty_monster, v_pattern_4,
          nicolae_vaults_yaktaur_gun_rack, nicolae_vaults_little_squares_2,
          nicolae_vaults_quartermaster, uniq_xtahua
Vaults:4: vaults_room_octagon, grunt_tower_of_power,
          nicolae_vaults_mini_display_case, vaults_dpeg_hooks,
          grunt_vaults_bifocal, grunt_vaults_swirl, v_misc_10, serial_shops,
          nicolae_shop_trees, shop_fountains, uniq_jory, uniq_jorgrun
Depths:1: hell_entry, abyss_entry, kennysheep_donut, rand_demon_pan_entry_7,
          serial_shops, shop, shop, shop, grunt_ministairs_14,
          kennysheep_generic_room_14
Depths:2: grunt_profane_halls, hell_entry
Depths:3: gammafunk_the_bubble, enter_ziggurat_f, pf_hell_entry_tar_river,
          hangedman_abyss_or_decor_stagger, pan_entry,
          infiniplex_staircase_pool_2, serial_bayou_shore_b
Depths:4: nicolae_whirlpool, serial_shops, shop_fountains,
          grunt_hell_entry_dis_grunt, abyss_entry, uniq_sojobo, uniq_enchantress
Depths:5: grunt_zot_entry_hairpin, hangedman_abyss_or_decor_slice, hell_entry,
          xom_teletrap_fun
Dis:2:    hangedman_dis_decor_blocks_talon
Dis:6:    hangedman_dis_decor_blocks_crown
Dis:7:    dis_grunt_layers
Geh:3:    nicolae_geh_amphitheater
Geh:5:    lemuel_elevator
Geh:7:    evilmike_geh
Tar:1:    nicolae_tar_cuneiform_bread, nicolae_tar_cuneiform_bird
Tar:7:    tar_grunt_cathedral
Abyss:3:  evilmike_nicolae_abyss_rune_containment_curve
Lab:      nicolae_lab_dead_adventurers, labyrinth_skeletal_remains,
          nicolae_lab_very_dead_end, nicolae_lab_diamond
IceCv:    ice_cave_small_dragons

Skill      XL: |  1  2  3  4  5  6  7  8  9 10 11 12 13 14 15 16 17 18 19 20 21 22 23 24 25 26 27 |
---------------+----------------------------------------------------------------------------------+-----
Dodging        | 1 3 5 6 7 9 13 14 17 | 17.0
Shields        | 4 5 7 9 11 13 15 17 19 20 21 27 | 27.0
Fighting       | 4 5 6 8 9 10 11 12 13 18 25 | 25.6
Armour         | 4 5 7 9 10 11 13 17 20 23 | 23.0
Axes           | 3 4 6 9 11 12 13 14 15 17 18 19 20 | 20.0
Invocations    | 1 5 7 8 9 11 14 16 20 | 20.0
Evocations     | 4 5 14 | 14.0

Action                   |  1- 3 |  4- 6 |  7- 9 | 10-12 | 13-15 | 16-18 | 19-21 | 22-24 | 25-27 || total
-------------------------+-------+-------+-------+-------+-------+-------+-------+-------+-------++-------
Melee: War axe           |   111 |   208 |   370 |       |       |       |       |       |       ||   689
       Battleaxe         |       |       |   107 |   485 |  1015 |  1140 |  1348 |  1328 |  3796 ||  9219
       Dire flail        |       |       |     2 |       |    36 |     3 |       |       |       ||    41
       Demon whip        |       |       |       |       |       |     8 |       |       |       ||     8
 Fire: Hunting sling     |       |       |       |       |     3 |     2 |       |       |       ||     5
       Hand crossbow     |       |       |       |       |       |       |       |       |     6 ||     6
Invok: Heroism           |       |       |     2 |    13 |    15 |    23 |    21 |    32 |    59 ||   165
       Finesse           |       |       |       |       |     2 |     5 |     6 |     5 |    25 ||    43
 Abil: Dig               |       |       |       |     2 |       |       |       |       |     1 ||     3
       Shaft Self        |       |       |       |       |       |       |       |       |    14 ||    14
Evoke: Wand              |       |       |       |       |     3 |     2 |     2 |     5 |    15 ||    27
  Use: Potion            |     6 |     4 |     4 |     3 |     4 |    11 |     3 |    10 |    35 ||    80
       Scroll            |     3 |     4 |     3 |    10 |    12 |     6 |    16 |     5 |    24 ||    83
 Stab: Distracted        |       |       |       |       |       |     1 |       |       |     2 ||     3
       Held in net/web   |       |       |       |       |       |       |     1 |       |       ||     1
       Invisible         |       |       |       |       |       |       |       |     2 |    14 ||    16
       Petrifying        |       |       |       |       |       |       |       |       |     1 ||     1
       Petrified         |       |       |       |       |       |       |       |       |     1 ||     1
  Eat: Chunk             |     1 |     9 |    10 |    16 |    20 |    16 |    12 |    43 |    22 ||   149
       Royal jelly       |       |       |     1 |       |     1 |     1 |       |       |     8 ||    11
       Fruit             |       |       |       |       |     6 |     2 |     5 |     3 |     4 ||    20
       Meat ration       |       |       |       |       |     2 |       |     2 |       |     2 ||     6
       Bread ration      |       |       |       |       |       |     1 |     1 |       |     3 ||     5
Armor: Scale mail        |    45 |    79 |       |       |       |       |       |       |       ||   124
       Chain mail        |       |    18 |   133 |   108 |       |       |       |       |       ||   259
       Skin              |       |     2 |       |       |     8 |       |       |       |       ||    10
       Plate armour      |       |       |       |    13 |   317 |   233 |    43 |       |       ||   606
       Storm dragon scal |       |       |       |       |       |       |   139 |   129 |    38 ||   306
       Gold dragon scale |       |       |       |       |       |       |       |       |   532 ||   532
Dodge: Dodged            |    38 |    70 |    67 |    85 |   253 |   232 |   334 |   282 |   604 ||  1965
Block: Shield            |    54 |   142 |   352 |   323 |   828 |   685 |       |       |       ||  2384
       Reflection        |       |       |     1 |    12 |    10 |    74 |   184 |   168 |   130 ||   579
       Large shield      |       |       |       |       |       |   275 |  1493 |  1232 |  3711 ||  6711
